 Dungeon Crawl Stone Soup version 0.30.1-9-gdf580d7c3d (webtiles) character file.

Game seed: 6279097318452313671

248 lonewolfV2 the Shield-Bearer (level 6, -2/50 HPs)
             Began as a Formicid Fighter on Oct 20, 2023.
             Was an Initiate of Okawaru.
             Slain by an iguana (12 damage)
             ... on level 4 of the Dungeon.
             The game lasted 00:08:04 (4285 turns).

lonewolfV2 the Shield-Bearer (Formicid Fighter)     Turns: 4285, Time: 00:08:05

Health: -2/50      AC:  7    Str: 22    XL:     6   Next: 34%
Magic:  15/15      EV:  9    Int:  8    God:    Okawaru [......]
Gold:   184        SH:  5    Dex: 13    Spells: 5/5 levels left

rFire   . . .        a - +0 war axe
rCold   . . .        c - +0 buckler
rNeg    . . .        b - +0 scale mail
rPois   .            (helmet unavailable)
rElec   .            (no cloak)
rCorr   .            (no gloves)
SInv    +            (no boots)
Will    .....        (no amulet) Stlth
                     e - ring of magical power
HPRegen 0.28/turn    (no ring)
MPRegen 0.14/turn

%: no passive effects
@: no status effects
A: permanent stasis, dig shafts and tunnels, antennae 3, four strong arms
a: Dig, Shaft Self, Renounce Religion


You were on level 4 of the Dungeon.
You worshipped Okawaru.
Okawaru was noncommittal.
You visited 2 branches of the dungeon, and saw 5 of its levels.

You collected 184 gold pieces.

Inventory:

Hand Weapons
 a - a +0 war axe (weapon)
Missiles
 q - a throwing net
Armour
 b - a +0 scale mail (worn)
 c - a +0 buckler (worn)
Jewellery
 e - a ring of magical power (left hand)
 m - an amulet of guardian spirit
Wands
 l - a wand of charming (12)
Scrolls
 n - a scroll of fog
 o - a scroll of identify
 p - a scroll of vulnerability {unknown}
 r - a scroll of blinking {unknown}
Potions
 d - a potion of might
 f - a potion of haste {unknown}
 g - a potion of lignification
 h - 2 potions of cancellation
 i - a potion of brilliance
 j - 3 potions of curing {unknown}
 k - 2 potions of attraction {unknown}


   Skills:
 + Level 4.9 Fighting
 - Level 2.0 Axes
 + Level 5.0 Armour
 + Level 6.0 Shields


You had 5 spell levels left.
You didn't know any spells.
Your spell library contained the following spells:

 Spells                   Type           Power      Damage    Failure   Level
 Conjure Ball Lightning   Conj/Air       0%         3x3d6     100%        6
 Discord                  Hex            0%         N/A       100%        8
 Disjunction              Tloc           0%         N/A       100%        8


Dungeon Overview and Level Annotations

Branches:
Dungeon (4/15)             Temple (1/1) D:4

Altars:
Cheibriados
Dithmenos
Fedhas
Hepliaklqana
Kikubaaqudgha
Makhleb
Nemelex Xobeh
Okawaru
Qazlal
Ru
Trog
Wu Jian
Xom
The Shining One

Shops:
D:2 (

Portals:
Abyss: D:3

Annotations:
D:1 1 transporter
D:3 2 transporters, mrw3rdna's ghost, amateur OgGl


Innate Abilities, Weirdness & Mutations

You cannot be hasted, slowed, berserked, paralysed or teleported.
You can dig through walls and to a lower floor.
You have a pair of large antennae on your head. (SInv)
Your four strong arms can wield two-handed weapons with a shield.


Message History

The ball python bites you but does no damage.
You block the ball python's attack.
You barely miss the ball python. The ball python bites you.
The ball python grabs you. The ball python constricts you.
The ball python bites you but does no damage.
The ball python constricts you.
You completely miss the ball python.
The ball python bites you but does no damage.
The ball python constricts you. The ball python bites you.
The ball python constricts you.
You closely miss the ball python. You block the ball python's attack.
The ball python constricts you.
You slash the ball python!
You kill the ball python!
Okawaru accepts your kill.
You see here a ball python corpse.
HP restored.
You see here a +0 club.
An iguana comes into view.
An iguana is nearby!
An iguana is nearby!
An iguana is nearby!
An iguana is nearby!
The iguana bites you.
You barely miss the iguana. The iguana closely misses you.
You hit the iguana but do no damage. The iguana bites you!
The iguana bites you.
You barely miss the iguana. The iguana closely misses you.
You barely miss the iguana. The iguana bites you. The iguana bites you!
You closely miss the iguana. The iguana bites you!
* * * LOW HITPOINT WARNING * * *
You slash the iguana!
The iguana is severely wounded.
The iguana bites you but does no damage.
You hit the iguana.
The iguana is almost dead.
The iguana bites you.
* * * LOW HITPOINT WARNING * * *
The iguana bites you!
You die...

#.##.#
#.##...#.##.##.##.
#.....
#...........##.##.
#.###.
#####.............
#.# .#
###....>...##. #.#
.# #..##.#..... #..
#..#.##..... ### {
######### #..##
##....
........#####..#
.#.##. #.#
#...l@.......#
#..#..
#.[....###.#####.##
##.... #.## #.# #.#
#.... #######.# #.#
##.## #....
......#.# #.#
##...## #....
#####.#.# #.#
#.....# ####.
####.#.# #.#
##...## ##
##....#)# #.# ##.##
# #..##.#.# #.# #.#
#


You could see an iguana.

Vanquished Creatures
  A jelly (D:4)
  2 orc wizards (D:3)
  Robin (D:3)
  3 gnolls (D:4)
  5 adders
  An ufetubus (D:4)
  4 orcs
  5 bats
  6 endoplasms
  3 giant cockroaches
  13 goblins
  7 hobgoblins
  5 kobolds
  2 quokkas
  4 ball pythons
  13 rats
75 creatures vanquished.

Notes
Turn   | Place    | Note
-------+----------+-------------------------------------------
     0 | D:1      | lonewolfV2 the Formicid Fighter began the quest for the
                  | Orb.
     0 | D:1      | Reached XP level 1. HP: 18/18 MP: 1/1
   269 | D:1      | Reached XP level 2. HP: 24/24 MP: 2/2
   555 | D:1      | Reached XP level 3. HP: 29/30 MP: 3/3
   817 | D:2      | Found Kowoytet's Weapon Shop.
   820 | D:2      | You fall into a shaft and drop 2 floors!
  1356 | D:2      | Reached XP level 4. HP: 37/37 MP: 4/4
  1770 | D:2      | Reached skill level 5 in Shields
  1894 | D:3      | Noticed Robin
  1920 | D:3      | Killed Robin
  2234 | D:3      | Noticed a kobold brigand
  2235 | D:3      | Found a transporter.
  2237 | D:3      | Noticed a small abomination
  2256 | D:3      | Noticed a small abomination
  2257 | D:3      | Found a one-way gate to the infinite horrors of the Abyss.
  2257 | D:3      | Noticed mrw3rdna's ghost (amateur OgGl)
  2271 | D:3      | Found a transporter.
  2286 | D:3      | Reached XP level 5. HP: 7/43 MP: 5/5
  2289 | D:3      | HP: 2/43 [orc wizard/+0 dagger (3)]
  3017 | D:4      | HP: 1/43 [acid (6)]
  3019 | D:4      | Reached XP level 6. HP: 1/49 MP: 6/6
  3339 | D:4      | Reached skill level 5 in Armour
  3339 | D:4      | Reached skill level 6 in Shields
  3651 | D:4      | Found a staircase to the Ecumenical Temple.
  3674 | Temple   | Entered the Ecumenical Temple
  4187 | Temple   | Became a worshipper of Warmaster Okawaru
  4285 | D:4      | Slain by an iguana

Illustrated notes

Levels and vault maps discovered:
D:1:      spicycebolla_arrival_transporter_tutorial, layout_basic,
          minmay_rat_gold_closets
D:2:      layout_loops_ring, serial_shops, nicolae_shop_tiny_glass, fountainhead
D:3:      layout_loops_ring, gammafunk_ghost_abyssal_escape, uniq_robin
D:4:      layout_loops_ring, minmay_temple_entry_glass
Temple:   jpeg_temple_clearing

Skill      XL: |  1  2  3  4  5  6 |
---------------+-------------------+-----
Armour         | 4 5 |  5.0
Fighting       | 4 |  4.9
Shields        | 5 6 |  6.0
Axes           | |  2.0

Action                     |  1- 3 |  4- 6 || total
---------------------------+-------+-------++-------
  Melee: War axe           |    72 |   123 ||   195
    Use: Scroll            |     6 |     1 ||     7
 Armour: Scale mail        |    40 |    72 ||   112
  Dodge: Dodged            |    47 |    57 ||   104
  Block: Buckler           |    21 |    39 ||    60
